 Dungeon Sprint DCSS version 0.29-a0-350-g7790a0e70a (webtiles) character file.

Game seed: 9276193322867368521

5112 mhtbhm the Severer (level 10, -1/108 HPs)
             Began as a Minotaur Berserker on Apr 22, 2022.
             Was the Champion of Trog.
             Slain by a boulder beetle (7 damage)
             ... in the Dungeon (Sprint IX: "|||||||||||||||||||||||||||||").
             The game lasted 00:01:58 (1080 turns).

mhtbhm the Severer (Minotaur Berserker)             Turns: 1080, Time: 00:01:59

Health: -1/108     AC: 16    Str: 29    XL:     10   Next: 32%
Magic:  9/9        EV: 12    Int:  4    God:    Trog [******]
Gold:   0          SH:  0    Dex: 13    Spells: 9/9 levels left

rFire   . . .      SeeInvis .   a - +3 war axe (freeze)
rCold   . . .      Faith    .   (no shield)
rNeg    . . .      Spirit   .   b - +0 plate armour
rPois   .          Reflect  .   (helmet restricted)
rElec   .          Harm     .   k - +0 cloak
rCorr   .          Rampage  .   (no gloves)
Will    .....      NoTele   +   (no boots)
Stlth   ..........              (no amulet)
HPRegen 0.28/turn               l - +3 ring of strength
MPRegen 0.11/turn               m - +3 ring of dexterity

@: on berserk cooldown, slowed, very slow
A: horns 2, retaliatory headbutt
a: Renounce Religion, Berserk, Trog's Hand, Brothers in Arms


You were in the Dungeon.
You worshipped Trog.
Trog was exalted by your worship.
You visited 1 branch

Inventory:

Hand Weapons
 a - a +3 war axe of freezing (weapon)
Armour
 b - a +0 plate armour (worn)
 k - a +0 cloak (worn)
Jewellery
 l - a +3 ring of strength (left hand)
 m - a +3 ring of dexterity (right hand)
Wands
 j - a wand of acid (9)
Scrolls
 h - a scroll of blinking
 o - a scroll of identify
 p - 2 scrolls of enchant armour
 q - a scroll of fog
 r - 6 scrolls of enchant weapon
Potions
 c - 7 potions of curing
 d - a potion of might
 e - a potion of haste
 f - 4 potions of magic
 g - a potion of berserk rage
 i - a potion of invisibility
 n - 6 potions of heal wounds


   Skills:
 + Level 16.5 Fighting
 + Level 19.3 Axes
 + Level 11.0 Armour
 + Level 10.0 Dodging
 + Level 0.2 Stealth


You had 9 spell levels left.
You didn't know any spells.
Your spell library was empty.

Dungeon Overview and Level Annotations

Branches:
Dungeon (1/1)

Altars:
Cheibriados
Dithmenos
Elyvilon
Fedhas
Gozag
Hepliaklqana
Kikubaaqudgha
Makhleb
Nemelex Xobeh
Okawaru
Qazlal
Ru
Sif Muna
Trog
Uskayaw
Vehumet
Wu Jian
Xom
Yredelemnul
Zin
The Shining One
Beogh
Jiyva
Lugonu


Innate Abilities, Weirdness & Mutations

You have a pair of horns on your head.
You reflexively headbutt those who attack you in melee.


Message History

The boulder beetle bites you!! x2
* * * LOW HITPOINT WARNING * * *
You are too injured to fight recklessly!
You are too injured to fight recklessly!
You are too injured to fight recklessly!
You are too injured to fight recklessly!
You are too injured to fight recklessly!
You are too injured to fight recklessly!
You are too injured to fight recklessly!
You are too injured to fight recklessly!
You are too injured to fight recklessly!
You are too injured to fight recklessly!
You are too injured to fight recklessly!
You are too injured to fight recklessly!
You are too injured to fight recklessly!
You barely miss the boulder beetle.
The boulder beetle is severely wounded.
The boulder beetle leaps!
The boulder beetle curls into a ball and begins rolling!
Aiming: Corrosive Bolt
Press: ? - help, Shift-Dir - straight line, f - boulder beetle
Aim: a boulder beetle (severely wounded, rolling, 100% to hit)
The bolt of acid hits the boulder beetle!
The acid corrodes the boulder beetle!
The boulder beetle is severely wounded.
The boulder beetle hits you!
* * * LOW HITPOINT WARNING * * *
The boulder beetle stops rolling and uncurls.
Unknown command.
Unknown command.
You slash the boulder beetle! You freeze the boulder beetle.
The boulder beetle is almost dead.
The boulder beetle bites you!
* * * LOW HITPOINT WARNING * * *
Unknown command.
You hit the boulder beetle. You freeze the boulder beetle.
You headbutt the boulder beetle, but do no damage.
The boulder beetle is almost dead.
The boulder beetle bites you!
You die...

▓'▓.▓+▓
▓_▓.▓.▓
▓_▓.▓.▓
▓_▓.▓.▓
▓_▓.▓.▓
▓_▓.▓†▓
▓_▓.▓.▓
▓_▓.▓B▓
▓_▓.▓@▓
▓_▓.▓.▓
▓_▓.▓†▓
▓_▓.▓)▓
▓_▓.▓.▓
▓_▓.▓.▓
▓_▓.▓.▓
▓_▓.▓.▓
▓_▓.▓.▓


You could see a boulder beetle (corroded).

Vanquished Creatures
  2 deep elf pyromancers (D)
  A cyclops (D)
  A black mamba (D)
  A rime drake (D)
  5 cane toads (D)
  An efreet (D)
  A dream sheep (D)
  A shadow (D)
  A wraith (D)
  A wyvern (D)
  A yak (D)
  A vampire mosquito (D)
  A water moccasin (shapeshifter) (D)
  2 water moccasins (D)
  A centaur (D)
  6 bullfrogs (D)
  2 howler monkeys (D)
  A hound (D)
  An iguana (D)
  An adder (D)
  A shadow imp (D)
  A dart slug (D)
  An endoplasm (D)
  A ball python (D)
  3 frilled lizards (D)
39 creatures vanquished.

Notes
Turn   | Place    | Note
-------+----------+-------------------------------------------
     0 | D        | mhtbhm the Minotaur Berserker began the quest for the Orb.
     0 | D        | Reached XP level 1. HP: 19/19 MP: 0/0
    12 | D        | Reached skill level 4 in Axes
    12 | D        | Reached ** piety under Trog
   134 | D        | Noticed a hound
   134 | D        | Noticed an iguana
   139 | D        | Reached XP level 2. HP: 28/28 MP: 1/1
   140 | D        | Reached *** piety under Trog
   141 | D        | Reached skill level 5 in Fighting
   141 | D        | Reached skill level 5 in Axes
   148 | D        | Reached skill level 6 in Axes
   148 | D        | Reached XP level 3. HP: 37/37 MP: 2/2
   150 | D        | Reached skill level 7 in Axes
   150 | D        | Reached XP level 4. HP: 36/45 MP: 3/3
   286 | D        | Found a snail-covered altar of Cheibriados.
   286 | D        | Found a shadowy altar of Dithmenos.
   286 | D        | Found a white marble altar of Elyvilon.
   286 | D        | Found a blossoming altar of Fedhas.
   286 | D        | Found an opulent altar of Gozag.
   287 | D        | Found a hazy altar of Hepliaklqana.
   288 | D        | Found a viscous altar of Jiyva.
   289 | D        | Found an ancient bone altar of Kikubaaqudgha.
   290 | D        | Found a corrupted altar of Lugonu.
   291 | D        | Found a burning altar of Makhleb.
   292 | D        | Found a sparkling altar of Nemelex Xobeh.
   293 | D        | Found an iron altar of Okawaru.
   294 | D        | Found a stormy altar of Qazlal.
   295 | D        | Found a sacrificial altar of Ru.
   296 | D        | Found a shimmering blue altar of Sif Muna.
   297 | D        | Found a bloodstained altar of Trog.
   298 | D        | Found a hide-covered altar of Uskayaw.
   299 | D        | Found a radiant altar of Vehumet.
   300 | D        | Found an ornate altar of the Wu Jian Council.
   301 | D        | Found a shimmering altar of Xom.
   302 | D        | Found a basalt altar of Yredelemnul.
   303 | D        | Found a glowing silver altar of Zin.
   304 | D        | Found a glowing golden altar of the Shining One.
   355 | D        | Noticed a centaur
   355 | D        | Noticed a wraith
   355 | D        | Noticed a wyvern
   355 | D        | Noticed a shadow
   360 | D        | Killed a shadow
   361 | D        | Reached skill level 9 in Axes
   361 | D        | Reached skill level 5 in Armour
   361 | D        | Reached skill level 5 in Dodging
   361 | D        | Reached XP level 5. HP: 57/57 MP: 4/4
   362 | D        | Reached **** piety under Trog
   363 | D        | Reached skill level 10 in Axes
   363 | D        | Reached XP level 6. HP: 64/64 MP: 5/5
   364 | D        | Killed a wyvern
   365 | D        | Reached skill level 10 in Fighting
   365 | D        | Reached skill level 11 in Axes
   371 | D        | Killed a wraith
   372 | D        | Reached skill level 12 in Axes
   372 | D        | Reached XP level 7. HP: 60/74 MP: 6/6
   527 | D        | Noticed a deep elf pyromancer
   527 | D        | Noticed a deep elf pyromancer
   527 | D        | Noticed a cyclops
   527 | D        | Noticed a vampire mosquito
   527 | D        | Noticed an efreet
   531 | D        | Killed an efreet
   531 | D        | Reached ***** piety under Trog
   532 | D        | Reached skill level 13 in Axes
   533 | D        | Reached XP level 8. HP: 45/85 MP: 7/7
   535 | D        | Reached skill level 14 in Axes
   631 | D        | HP: 2/85 [cyclops (27)]
   632 | D        | Killed a cyclops
   636 | D        | Killed a deep elf pyromancer
   636 | D        | Received a gift from Trog
   637 | D        | Reached skill level 15 in Axes
   643 | D        | Killed a deep elf pyromancer
   644 | D        | Reached skill level 16 in Axes
   644 | D        | Reached XP level 9. HP: 60/96 MP: 8/8
   872 | D        | Noticed a cane toad
   872 | D        | Noticed a cane toad
   872 | D        | Noticed a cane toad
   873 | D        | Noticed a black mamba
   878 | D        | Killed a cane toad
   879 | D        | Reached skill level 17 in Axes
   880 | D        | Killed a cane toad
   881 | D        | Reached skill level 15 in Fighting
   883 | D        | Killed a cane toad
   883 | D        | Noticed a cane toad
   891 | D        | Killed a black mamba
   892 | D        | Reached skill level 18 in Axes
   892 | D        | Reached skill level 10 in Armour
   898 | D        | Killed a cane toad
   898 | D        | Reached ****** piety under Trog
   899 | D        | Reached XP level 10. HP: 107/107 MP: 9/9
  1044 | D        | Noticed a cane toad
  1046 | D        | Received a gift from Trog
  1050 | D        | Noticed a boulder beetle
  1051 | D        | Killed a cane toad
  1055 | D        | Reached skill level 19 in Axes
  1071 | D        | Reached skill level 10 in Dodging
  1080 | D        | Slain by a boulder beetle

Illustrated notes

Levels and vault maps discovered:
D:        linesprint [early_d, line_temple, items_1, d_10, items_2, lair_1,
          lair_end, items_3, orc_1, orc_end, items_4, d_15, swamp_1, shoals_1,
          snake_1, spider_1, d_20, vaults_1, items_5, swamp_end, shoals_end,
          snake_end, spider_end, vaults_end, d_27, items_6, zot_1, zot_end,
          crypt_end, forest_end, elf_end, slime_end, tomb_end, abyss_end,
          pan_hell_end]

Skill      XL: |  1  2  3  4  5  6  7  8  9 10 |
---------------+-------------------------------+-----
Fighting       | 4 6 9 11 12 14 15 16 | 16.5
Axes           | 4 6 7 9 10 12 13 16 18 19 | 19.3
Armour         | 3 5 6 7 9 10 11 | 11.0
Dodging        | 3 4 5 6 7 8 9 10 | 10.0
Stealth        | |  0.2

Action                   |  1- 3 |  4- 6 |  7- 9 | 10-12 || total
-------------------------+-------+-------+-------+-------++-------
Melee: Hand axe          |    25 |       |       |       ||    25
       Headbutt          |     4 |     2 |    15 |     7 ||    28
       War axe           |       |    13 |    46 |    27 ||    86
Invok: Berserk           |     1 |     1 |     3 |     1 ||     6
       Brothers in Arms  |       |       |     1 |       ||     1
Evoke: Wand              |       |       |       |     1 ||     1
  Use: Potion            |       |       |     3 |       ||     3
       Scroll            |       |       |     1 |       ||     1
Armor: Animal skin       |     2 |       |       |       ||     2
       Plate armour      |       |     4 |    10 |     5 ||    19
Dodge: Dodged            |    12 |     4 |    13 |     4 ||    33

Table legend: (Time is in decaauts)
 A = Elapsed time spent in this place.
 B = Non-inter-level travel time spent in this place.
 C = Inter-level travel time spent in this place.
 D = Time resting spent in this place.
 E = Time spent auto-exploring this place.
 F = Levels seen in this place.
 G = Mean time per level.
                   A        B        C        D        E       F      G
               +--------+--------+--------+--------+--------+-----+--------+
         Total |   1115 |   1115 |      0 |    653 |      3 |   1 | 1115.0 |
       Dungeon |   1115 |   1115 |      0 |    653 |      3 |   1 | 1115.0 |
               +--------+--------+--------+--------+--------+-----+--------+

Top non-repeatable levels by time:
       D: 1115 daAuts
